 Dungeon Crawl Stone Soup version 0.31.0-9-g3a7656b989 (webtiles) character file.

Game seed: 9460303139405828845

292 qw the Shooter (level 5, -2/45 HPs)
             Began as a Demigod Hunter on Feb 2, 2024.
             Slain by a gnoll
             ... wielding a +0 halberd
             ... led by a gnoll bouda
              (5 damage)
             ... on level 4 of the Dungeon.
             The game lasted 00:00:10 (2425 turns).

qw the Shooter (Demigod Hunter)                     Turns: 2425, Time: 00:00:11

Health: -2/45      AC:  4    Str: 12    XL:     5   Next: 84%
Magic:  7/7        EV: 13    Int: 11    God:
Gold:   158        SH:  0    Dex: 21    Spells: 4/4 levels left

rFire   + . .        a - +0 shortbow
rCold   . . .        (shield currently unavailable)
rNeg    + . .        l - +2 robe {rN+}
rPois   .            (no helmet)
rElec   .            (no cloak)
rCorr   .            (no gloves)
SInv    .            (no boots)
Will    .....        (no amulet)
Stlth   ++           k - ring of protection from fire
HPRegen 0.27/turn    b - +4 ring of slaying {mikee}
MPRegen 0.10/turn

%: no passive effects
@: weakened
A: high MP 1, forlorn, divine attributes
a: no special abilities


You were on level 4 of the Dungeon.
You visited 1 branch of the dungeon, and saw 4 of its levels.

You collected 158 gold pieces.


Innate Abilities, Weirdness & Mutations

You have an increased reservoir of magic. (+10% MP)
You shall have no god before yourself.
Your divine heritage dramatically boosts your attributes as you level up.


   Skills:
 - Level 3.1 Fighting
 - Level 6.0 Ranged Weapons
 + Level 2.2 Dodging
 - Level 0.8 Stealth


You had 4 spell levels left.
You didn't know any spells.
Your spell library was empty.

Inventory:

Hand Weapons
 a - a +0 shortbow (weapon)
Armour
 g - a +1 robe of fire resistance
 l - a +2 robe of positive energy (worn)
Jewellery
 b - a +4 ring of slaying (right hand) {mikee}
 k - a ring of protection from fire (left hand)
Scrolls
 e - a scroll of enchant armour {unknown}
Potions
 c - a potion of haste
 d - a potion of degeneration {unknown}
 f - a potion of enlightenment
 i - a potion of curing
 j - a potion of might
 m - a potion of magic {unknown}

Dungeon Overview and Level Annotations

Branches:
Dungeon (4/15)
 Temple: D:4-7

Shops:
D:3 :

Annotations:
D:3 1 runed translucent door, Crazy Yiuf


Message History

The gnoll hits you from afar with a +0 halberd.
The adder bites you.
Your Fighting skill increases to level 3!
You shoot an arrow. The arrow barely misses the adder.
The arrow hits the gnoll!
The gnoll is severely wounded.
The adder bites you.
You are poisoned.
The adder poisons you! The gnoll hits you but does no damage.
You shoot an arrow. The arrow completely misses the adder.
The arrow hits the gnoll!
You kill the gnoll!
You feel sick.
The gnoll is no longer moving quickly.
The adder bites you but does no damage. The gnoll hits you but does no damage.
The adder closely misses you.
You shoot an arrow. The arrow hits the adder.
The adder is lightly wounded.
You feel sick. The gnoll barely misses you. The adder barely misses you.
You shoot an arrow. The arrow hits the adder.
The adder is severely wounded.
You feel sick. The adder misses you. The gnoll closely misses you.
You shoot an arrow. The arrow barely misses the adder.
The arrow hits the hobgoblin.
You kill the hobgoblin!
You feel sick. The adder bites you but does no damage.
The gnoll barely misses you. The adder closely misses you.
You shoot an arrow. The arrow closely misses the adder.
The arrow barely misses the bombardier beetle.
You feel sick.
The gnoll hits you from afar with a +0 halberd!
The adder barely misses you.
You shoot an arrow. The arrow hits the adder!
You kill the adder!
You feel sick.
You are no longer poisoned.
The gnoll misses you.
The gnoll hits you from afar with a +0 halberd.
You shoot an arrow. The arrow hits the gnoll.
The gnoll is severely wounded.
The gnoll hits you from afar with a +0 halberd.
You die...

.......# .###.#.# .#
#.#.# ### .# #.#.########
... .#
#.#.....%..#######.## .#
#.<.................## .#
###.######.#..........
.#####.######.#.##g......
#.....##.......@B)...)..
#........########.......
##....#### #...... #.....
....#. #....## #.##
####.# [# #.# # #.# ..#


You could see a bombardier beetle and a gnoll.

Vanquished Creatures
  2 gnoll boudas
  An orc priest (D:3)
  Jessica (D:2)
  9 gnolls
  3 adders
  4 orcs (D:3)
  7 ball pythons
  7 bats (D:1)
  5 endoplasms
  A giant cockroach (D:1)
  6 hobgoblins
  2 jackals (D:1)
  3 quokkas
  8 frilled lizards
  4 goblins
  4 kobolds
  5 rats
72 creatures vanquished.

Notes
Turn   | Place    | Note
-------+----------+-------------------------------------------
     0 | D:1      | qw the Demigod Hunter began the quest for the Orb.
     0 | D:1      | Reached XP level 1. HP: 17/17 MP: 3/3
     0 | D:1      | 0 ||| qw: Version: 0.3-a-155-g5e7d8dd
     0 | D:1      | 0 ||| qw: Game counter: 428
     0 | D:1      | 0 ||| qw: Melee chars always use a shield: true
     0 | D:1      | 0 ||| qw: God list: Okawaru
     0 | D:1      | 0 ||| qw: Allow faded altars: false
     0 | D:1      | 0 ||| qw: Do Orc after clearing Dungeon:15 true
     0 | D:1      | 0 ||| qw: Do second Lair branch before Depths: true
     0 | D:1      | 0 ||| qw: Lair rune preference: random
     0 | D:1      | 0 ||| qw: Goals: Normal
     0 | D:1      | 0 ||| PLANNING D:1-11
   105 | D:1      | Reached skill level 4 in Ranged Weapons
   140 | D:1      | Reached XP level 2. HP: 24/24 MP: 4/4
   488 | D:1      | Reached XP level 3. HP: 29/29 MP: 5/5
   702 | D:1      | 702 ||| DROPPING scarf of shadows.
   703 | D:1      | 703 ||| UPGRADING to ring of protection from fire.
   704 | D:1      | 704 ||| READING scroll labelled XAVYUSS QADAV.
   705 | D:1      | 705 ||| READING scroll labelled BAIMPI HEAL.
   706 | D:1      | 706 ||| DROPPING scroll of butterflies.
  1021 | D:2      | Noticed Jessica
  1027 | D:2      | 1027 ||| FLEEEEING.
  1032 | D:2      | Killed Jessica
  1319 | D:2      | 1319 ||| UPGRADING to +2 robe of positive energy.
  1329 | D:2      | 1329 ||| DROPPING +0 leather armour.
  1330 | D:2      | 1330 ||| UPGRADING to +4 ring of slaying {mikee}.
  1331 | D:2      | 1331 ||| READING scroll labelled QUITREU SEFO.
  1336 | D:2      | 1336 ||| READING scroll labelled SUYROP YMUGH.
  1336 | D:2      | 1336 ||| IDENTIFYING murky red potion
  1337 | D:2      | 1337 ||| DROPPING potion of berserk rage.
  1368 | D:3      | Reached skill level 5 in Ranged Weapons
  1411 | D:3      | 1411 ||| RETREEEEATING.
  1414 | D:3      | Reached XP level 4. HP: 36/36 MP: 6/6
  1565 | D:3      | Reached skill level 6 in Ranged Weapons
  1565 | D:3      | Reached XP level 5. HP: 41/41 MP: 7/7
  1886 | D:3      | Found Jepublic's Book Boutique.
  2107 | D:3      | Found a runed translucent door.
  2108 | D:3      | Noticed Crazy Yiuf
  2111 | D:3      | 2111 ||| READING 5 scrolls of identify.
  2111 | D:3      | 2111 ||| IDENTIFYING silvery potion
  2112 | D:3      | 2112 ||| READING 4 scrolls of identify.
  2112 | D:3      | 2112 ||| IDENTIFYING brown potion
  2113 | D:3      | 2113 ||| READING 3 scrolls of identify.
  2113 | D:3      | 2113 ||| IDENTIFYING orange potion
  2114 | D:3      | 2114 ||| READING 2 scrolls of identify.
  2114 | D:3      | 2114 ||| IDENTIFYING fuming sapphire potion
  2115 | D:3      | 2115 ||| READING scroll of identify.
  2115 | D:3      | 2115 ||| IDENTIFYING bubbling black potion
  2116 | D:3      | 2116 ||| READING scroll labelled TICUIVOTUPS.
  2117 | D:3      | 2117 ||| DROPPING potion of invisibility.
  2168 | D:4      | 2168 ||| READING scroll labelled GOIRCH YNUOW.
  2407 | D:4      | 2407 ||| RETREEEEATING.
  2418 | D:4      | Reached skill level 3 in Fighting
  2423 | D:4      | HP: 8/45 [gnoll/+0 halberd[a gnoll bouda] (13)]
  2424 | D:4      | HP: 3/45 [gnoll/+0 halberd[a gnoll bouda] (4)]
  2425 | D:4      | Slain by a gnoll

Levels and vault maps discovered:
D:1:      nagdon_arrival_zigzag_paths, layout_basic,
          shapermc_ecumenical_altar_hornbeckon
D:2:      layout_basic, uniq_jessica
D:3:      layout_basic, old_standard_altar, nicolae_overflow_hidden_temple,
          serial_shops, shop, nicolae_grassy_gnolls, uniq_crazy_yiuf_cottage
D:4:      minmay_chambers_of_fours, layout_loops_ring,
          minmay_temple_entry_enclosed_plants, ebering_ghost_inner_flame

Skill      XL: |  1  2  3  4  5 |
---------------+----------------+-----
Ranged Weapons | 4 5 6 |  6.0
Fighting       | 2 3 |  3.1
Dodging        | 2 |  2.2
Stealth        | |  0.8

Action                     |  1- 3 |  4- 6 || total
---------------------------+-------+-------++-------
   Fire: Shortbow          |   121 |    73 ||   194
    Use: Scroll            |     4 |     7 ||    11
 Armour: Leather armour    |    22 |       ||    22
         Robe              |       |    16 ||    16
  Dodge: Dodged            |    38 |    25 ||    63

Table legend:
 A = Non-vault XP
 B = Vault XP
 C = Vault XP percentage of total XP
 D = Non-vault monster count
 E = Vault monster count
 F = Vault count percentage of total count
                 A         B        C        D         E       F
            +---------+---------+-------+---------+---------+-------
      Total |     269 |     149 |  35.6 |      65 |       7 |   9.7
            +---------+---------+-------+---------+---------+-------
        D:1 |      51 |       0 |   0.0 |      32 |       0 |   0.0
        D:2 |      12 |      37 |  75.5 |       8 |       1 |  11.1
        D:3 |      80 |     112 |  58.3 |      16 |       6 |  27.3
        D:4 |     126 |       0 |   0.0 |       9 |       0 |   0.0
            +---------+---------+-------+---------+---------+-------
